 Dungeon Crawl Stone Soup version 0.31-a0-339-gda1cbd555d (webtiles) character file.

Game seed: 2412733644347931931

102 peeeep the Trooper (level 4, -3/41 HPs)
             Began as a Hill Orc Fighter on July 21, 2023.
             Slain by a gnoll
             ... wielding a +0 flail
             ... led by a gnoll bouda
              (7 damage)
             ... on level 4 of the Dungeon.
             The game lasted 00:03:01 (1707 turns).

peeeep the Trooper (Hill Orc Fighter)               Turns: 1707, Time: 00:03:02

Health: -3/41      AC: 11    Str: 20    XL:     4   Next: 78%
Magic:  4/4        EV:  5    Int:  8    God:
Gold:   178        SH:  4    Dex: 10    Spells: 3/3 levels left

rFire   . . .        a - +0 war axe
rCold   . . .        c - +0 buckler
rNeg    . . .        k - +0 plate armour
rPois   .            (no helmet)
rElec   .            (no cloak)
rCorr   .            (no gloves)
SInv    .            (no boots)
Will    .....        (no amulet) Stlth
                     (no ring)
HPRegen 0.26/turn    (no ring)
MPRegen 0.09/turn

%: no passive effects
@: no status effects
A: no striking features
a: no special abilities


You were on level 4 of the Dungeon.
You visited 1 branch of the dungeon, and saw 4 of its levels.

You collected 178 gold pieces.

Inventory:

Hand Weapons
 a - a +0 war axe (weapon)
Missiles
 h - 6 silver javelins (quivered)
Armour
 c - a +0 buckler (worn)
 k - a +0 plate armour (worn)
Jewellery
 g - an amulet of magic regeneration
Scrolls
 e - 2 scrolls of identify {unknown}
 f - a scroll of poison {unknown}
 j - a scroll of immolation {unknown}
 l - a scroll of enchant armour {unknown}
Potions
 d - a potion of might
 i - a potion of heal wounds {unknown}


   Skills:
 + Level 4.4 Fighting
 + Level 3.9 Axes
 + Level 4.1 Armour
 + Level 4.0 Shields


You had 3 spell levels left.
You didn't know any spells.
Your spell library was empty.

Dungeon Overview and Level Annotations

Branches:
Dungeon (4/15)             Temple (0/1) D:4

Altars:
Kikubaaqudgha
Makhleb
Ru
Uskayaw

Shops:
D:1 (


Message History

The gnoll bouda barks out a call to the hunt!
The gnolls pick up the pace!
The gnoll shouts!
A gnoll comes into view. It is wielding a +0 halberd.
The gnoll hits you but does no damage.
You hit the gnoll.
The gnoll is moderately wounded.
You barely miss the gnoll bouda. The gnoll hits you but does no damage.
The gnoll bouda hits you with a +0 whip.
The gnoll hits you but does no damage.
You hit the gnoll but do no damage.
The gnoll is moderately wounded.
You hit the gnoll bouda. The gnoll closely misses you.
The gnoll bouda calls upon its god to heal the gnoll.
The gnoll's wounds heal themselves!
You block the gnoll's attack. The gnoll hits you but does no damage.
You hit the gnoll bouda.
The gnoll bouda is moderately wounded.
You hit the gnoll but do no damage. You barely miss the gnoll.
The gnoll hits you with a +0 flail of holy wrath!
You block the gnoll bouda's attack. The gnoll hits you with a +0 whip.
The gnoll hits you but does no damage. x2; The gnoll bouda barely misses you.
You closely miss the gnoll bouda.
The gnoll bouda is moderately wounded.
You barely miss the gnoll. You hit the gnoll. x2
You block the gnoll's attack. The gnoll barely misses you.
The gnoll hits you with a +0 whip.
The gnoll hits you from afar with a +0 spear.
The gnoll hits you but does no damage.
The gnoll bouda hits you but does no damage.
The gnoll hits you from afar with a +0 halberd!
* * * LOW HITPOINT WARNING * * *
You are too injured to fight recklessly!
The gnoll attacks as you move away!
The gnoll hits you with a +0 flail of holy wrath.
* * * LOW HITPOINT WARNING * * *
The gnoll hits you with a +0 whip.
* * * LOW HITPOINT WARNING * * *
The gnoll hits you with a +0 flail!
You die...

,,,,,,,,,,#....#
,,,,,,,...###'#####
******............#
,,,,,*............#
,,,,,*............#
******............##
***^,*#######......#
,,,,,+,,,,,,#.)....#
,,,,,*,,,,,,#...@..#
,**,,**,,,,,#..ggg.#
,**,,**,,,,,#...gg.#
,,,,,,,,,,,,#...g..#
,,,,,******+#......#
***,,**,,,,,#......#
***,,**,,,,,#......#
,,,,,,,,,,,,#......#
,,,,,,,,,,,,#......#


You could see a gnoll bouda and 5 gnolls.

Vanquished Creatures
  4 gnolls (D:3)
  An adder (D:3)
  2 dart slugs (D:1)
  An orc (D:3)
  4 bats
  6 endoplasms
  2 giant cockroaches (D:3)
  4 goblins
  7 hobgoblins
  A quokka (D:1)
  8 ball pythons
  5 frilled lizards
  A kobold (D:3)
  4 rats
50 creatures vanquished.

Notes
Turn   | Place    | Note
-------+----------+-------------------------------------------
     0 | D:1      | peeeep the Hill Orc Fighter began the quest for the Orb.
     0 | D:1      | Reached XP level 1. HP: 19/19 MP: 1/1
    63 | D:1      | Reached XP level 2. HP: 24/27 MP: 2/2
   119 | D:1      | Found Fyrrureox's Weapon Shoppe.
   196 | D:1      | Reached XP level 3. HP: 32/33 MP: 3/3
   478 | D:2      | Found a hide-covered altar of Uskayaw.
   535 | D:2      | You fall into a shaft and drop 1 floor!
   574 | D:3      | Found a burning altar of Makhleb.
   665 | D:3      | Found an ancient bone altar of Kikubaaqudgha.
   898 | D:3      | Reached XP level 4. HP: 21/40 MP: 4/4
  1353 | D:3      | Found a sacrificial altar of Ru.
  1707 | D:4      | Slain by a gnoll

Illustrated notes

Levels and vault maps discovered:
D:1:      nzn_arrival_crosshair, layout_rooms, serial_shops,
          nicolae_shop_bloodbath_and_beyond
D:2:      layout_loops_ring, basic_altar, chequers_big_river,
          wad_floor_pattern_untrapped
D:3:      layout_loops_corners, nicolae_ru_great_annihilating_truth,
          general_overflow_altar, mainiacjoe_overflow_tiny_flanked
D:4:      layout_gridville, nicolae_vehumet_altar_sigil,
          gammafunk_temple_overflow_elements, minmay_temple_entry_purple_smoke

Skill      XL: |  1  2  3  4 |
---------------+-------------+-----
Axes           | 3 |  3.9
Fighting       | 4 |  4.4
Armour         | 4 |  4.1
Shields        | 4 |  4.0

Action                     |  1- 3 |  4- 6 || total
---------------------------+-------+-------++-------
  Melee: War axe           |    94 |    33 ||   127
  Throw: Javelin           |       |     2 ||     2
    Use: Scroll            |       |     1 ||     1
   Stab: Paralysed         |       |     1 ||     1
 Armour: Scale mail        |    50 |     6 ||    56
         Plate armour      |       |    20 ||    20
  Dodge: Dodged            |    45 |    12 ||    57
  Block: Buckler           |    21 |    12 ||    33

Table legend: (Time is in decaauts)
 A = Elapsed time spent in this place.
 B = Non-inter-level travel time spent in this place.
 C = Inter-level travel time spent in this place.
 D = Time resting spent in this place.
 E = Time spent auto-exploring this place.
 F = Levels seen in this place.
 G = Mean time per level.
                   A        B        C        D        E       F      G
               +--------+--------+--------+--------+--------+-----+--------+
         Total |   1754 |   1708 |     46 |      0 |   1243 |   4 |  438.5 |
       Dungeon |   1754 |   1708 |     46 |      0 |   1243 |   4 |  438.5 |
               +--------+--------+--------+--------+--------+-----+--------+

Top non-repeatable levels by time:
     D:3: 1094 daAuts
     D:1: 428 daAuts
     D:2: 125 daAuts
     D:4: 105 daAuts
